Arizona Coyotes vs Winnipeg Jets
Created - Saturday, April 22, 2023 at 07:17
Goals
|
| Arizona Coyotes |
1 |
3 |
0 |
4 |
| Winnipeg Jets |
1 |
1 |
0 |
2 |
|
Shots
|
| Arizona Coyotes |
12 |
12 |
12 |
36 |
| Winnipeg Jets |
9 |
10 |
16 |
35 |
|
1st period
1. Winnipeg Jets , Aaron Ekblad 5 (Connor McDavid 24, Ryan Nugent-Hopkins 15) at 6:52 (PP)
2. Arizona Coyotes , Claude Giroux 18 (Mats Zuccarello 29) at 17:01
Penalties :
Charlie Coyle (AZC) for Hooking (Minor) at 6:46, Connor McDavid (WPG) for Hooking (Minor) at 7:03, Jacob Trouba (WPG) for Roughing (Minor) at 17:48
2nd period
3. Arizona Coyotes , Claude Giroux 19 (Charlie Coyle 10, Mats Zuccarello 30) at 3:31
4. Arizona Coyotes , James van Riemsdyk 7 (Charlie Coyle 11, Brayden McNabb 17) at 18:02
5. Arizona Coyotes , Tyler Seguin 14 (Ilya Mikheyev 7) at 18:06
6. Winnipeg Jets , Mark Stone 7 (Aaron Ekblad 7, Ryan Nugent-Hopkins 16) at 18:25
Penalties :
Kyle Palmieri (WPG) for Goalie Interference (Minor) at 5:51, Mathew Dumba (AZC) for Hooking (Minor) at 11:01, Jacob Trouba (WPG) for Holding (Minor) at 13:47, Dmitry Orlov (AZC) for Roughing (Minor) at 15:40
3rd period
No Goal
Penalties :
Aaron Ekblad (WPG) for Roughing (Minor) at 8:29
Goalie Stats
Kaapo Kahkonen (AZC), 33 saves from 35 shots - (0.943), W, 12-5-1, 60:00 minutes
Connor Hellebuyck (WPG), 32 saves from 36 shots - (0.889), L, 15-12-2, 60:00 minutes
Players Stats for Arizona Coyotes
Player Name G A P +/- PIM S H SB GA TA FO MP PP MP PK MP
------------------------------------------------------------------------------------
Brayden McNabb 0 1 1 1 0 1 2 4 0 1 0/0 26:24 5:38 1:57
Charlie Coyle 0 2 2 2 2 1 1 0 0 0 2/3 21:04 5:31 1:18
Claude Giroux 2 0 2 1 0 11 1 0 0 0 14/28 21:18 5:16 1:58
David Krejci 0 0 0 0 0 3 0 0 0 0 2/6 9:40 3:26 0:24
Dmitry Orlov 0 0 0 2 2 3 0 1 0 0 0/0 25:47 5:37 1:17
Erik Haula 0 0 0 0 0 2 0 0 0 0 1/4 7:49 0:00 0:00
Ilya Mikheyev 0 1 1 2 0 1 1 0 2 0 4/5 14:24 0:54 1:00
James van Riemsdyk 1 0 1 1 0 2 1 0 0 1 0/0 10:14 0:30 0:00
Jani Hakanpaa 0 0 0 1 0 0 0 2 1 0 0/0 14:02 0:00 0:59
Jared Spurgeon 0 0 0 1 0 2 0 2 1 0 0/0 19:50 4:11 1:44
Mathew Dumba 0 0 0 0 2 1 0 0 1 0 0/0 19:32 4:11 0:54
Mats Zuccarello 0 2 2 1 0 2 2 1 2 2 2/4 21:10 5:14 1:58
Matthew Nieto 0 0 0 0 0 0 2 1 1 0 0/0 12:01 0:00 0:00
Ondrej Palat 0 0 0 1 0 1 0 0 0 0 0/0 15:57 4:18 0:00
Radko Gudas 0 0 0 1 0 0 1 0 0 0 0/0 14:32 0:00 1:05
Ross Colton 0 0 0 0 0 0 0 0 1 1 0/1 11:53 0:00 0:00
Tanner Jeannot 0 0 0 0 0 3 2 0 0 0 0/0 14:13 0:00 1:12
Tyler Seguin 1 0 1 1 0 3 4 0 0 0 0/1 16:03 4:18 0:06
Players Stats for Winnipeg Jets
Player Name G A P +/- PIM S H SB GA TA FO MP PP MP PK MP
------------------------------------------------------------------------------------
Aaron Ekblad 1 1 2 -1 2 2 1 3 1 1 0/0 25:32 1:59 4:39
Andrew Cogliano 0 0 0 -1 0 0 1 0 0 1 0/1 12:41 0:00 5:15
Andrew Copp 0 0 0 -1 0 1 1 0 0 0 1/1 12:28 0:00 3:09
Brandon Montour 0 0 0 -2 0 5 0 0 0 2 0/0 22:33 1:58 4:00
Connor McDavid 0 1 1 -1 2 10 3 0 1 0 12/23 18:20 2:06 0:00
Dylan Larkin 0 0 0 0 0 2 1 0 0 0 2/2 15:01 1:37 0:00
Jacob Trouba 0 0 0 -2 4 0 2 1 0 2 0/0 20:00 0:52 2:41
John Klingberg 0 0 0 0 0 1 0 1 0 0 0/0 13:11 1:59 0:00
Jonathan Marchessault 0 0 0 -1 0 0 0 0 0 1 0/0 9:05 0:12 0:00
Kevin Shattenkirk 0 0 0 0 0 1 1 0 0 1 0/0 16:27 0:00 5:49
Kyle Palmieri 0 0 0 -1 2 0 2 0 0 0 0/0 7:21 0:00 0:00
Mark Stone 1 0 1 -1 0 1 1 0 0 1 1/3 19:35 2:09 1:33
Mathew Barzal 0 0 0 0 0 2 1 1 1 0 0/0 16:22 1:37 1:10
Nick Suzuki 0 0 0 -1 0 3 1 1 0 0 2/6 12:49 0:15 3:09
Pius Suter 0 0 0 -1 0 1 2 0 0 0 6/12 12:48 0:00 5:22
Ryan Nugent-Hopkins 0 2 2 -1 0 6 0 1 0 0 3/4 17:53 2:06 0:00
Seth Jones 0 0 0 -1 0 0 2 0 1 0 0/0 22:53 1:23 2:29
Tyler Toffoli 0 0 0 0 0 0 1 1 1 0 0/0 15:01 1:37 0:00
3 Stars
1 - Claude Giroux (AZC)
2 - Tyler Seguin (AZC)
3 - Mats Zuccarello (AZC)
Power Play
Arizona Coyotes - 0 on 5 Attempt(s) - 0.00%
Winnipeg Jets - 1 on 3 Attempt(s) - 33.33%
Penalty Kill
Arizona Coyotes - 2 on 3 Attempt(s) - 66.67%
- Score 0 goal in Penalty Kill
Winnipeg Jets - 5 on 5 Attempt(s) - 100.00%
- Score 0 goal in Penalty Kill
Team Stat
Arizona Coyotes - Hits : 17 - Faceoff Wins : 25 - Blocked Shots : 11 - Penalty Minutes : 6
Winnipeg Jets - Hits : 20 - Faceoff Wins : 27 - Blocked Shots : 9 - Penalty Minutes : 10
Official
Referees : Eric Furlatt and Frederick L'Ecuyer
Linesman : Kiel Murchison and Mark Shewchyk
Game Notes
David Krejci is injured at 15:23 of 2nd period (Sprained Left Ankle)
Finance
Level 1 -- Attendance: 6000 (100.00%) -- Ticket Income $552,000
Level 2 -- Attendance: 4886 (97.72%) -- Ticket Income $268,730
Level 3 -- Attendance: 3000 (100.00%) -- Ticket Income $90,000
Level 4 -- Attendance: 4363 (87.26%) -- Ticket Income $95,986
Luxury Box -- Attendance: 970 (97.00%) -- Ticket Income $184,300
Game was played at the MTS Centre.
Total Attendance: 19219 (96.10%)
Total Ticket Income: $1,191,016
Other Income: $416,856
Total Income: $1,607,872
Arizona Coyotes
5 vs 5 Forward
Center Left Wing Right Wing Time % Phy DF OF
1 Claude Giroux Mats Zuccarello Charlie Coyle 39 1 2 2
2 David Krejci Ondrej Palat Tyler Seguin 29 1 2 2
3 Erik Haula Ilya Mikheyev James van Riemsdyk 19 1 2 2
4 Ross Colton Tanner Jeannot Matthew Nieto 13 1 2 2
5 vs 5 Defense
Defense Defense Time % Phy DF OF
1 Dmitry Orlov Brayden McNabb 38 1 2 2
2 Mathew Dumba Jared Spurgeon 30 1 2 2
3 Radko Gudas Jani Hakanpaa 22 1 2 2
4 Dmitry Orlov Brayden McNabb 10 1 2 2
PowerPlay Forward
Center Left Wing Right Wing Time % Phy DF OF
1 Claude Giroux Mats Zuccarello Charlie Coyle 60 1 2 2
2 David Krejci Ondrej Palat Tyler Seguin 40 1 2 2
PowerPlay Defense
Defense Defense Time % Phy DF OF
1 Dmitry Orlov Brayden McNabb 60 1 2 2
2 Mathew Dumba Jared Spurgeon 40 1 2 2
Penalty Kill 4 Players Forward
Center Wing Time % Phy DF OF
1 Claude Giroux Mats Zuccarello 60 1 2 2
2 Charlie Coyle David Krejci 40 1 2 2
Penalty Kill 4 Players Defense
Defense Defense Time % Phy DF OF
1 Dmitry Orlov Brayden McNabb 60 1 2 2
2 Mathew Dumba Jared Spurgeon 40 1 2 2
Penalty Kill - 3 Players Forward
Forward Time % Phy DF OF
1 Claude Giroux 60 1 2 2
2 Mats Zuccarello 40 1 2 2
Penalty Kill - 3 Players Defense
Defense Defense Time % Phy DF OF
1 Dmitry Orlov Brayden McNabb 60 1 2 2
2 Mathew Dumba Jared Spurgeon 40 1 2 2
4 vs 4 Forward
Center Wing Time % Phy DF OF
1 Claude Giroux Mats Zuccarello 60 1 2 2
2 Charlie Coyle David Krejci 40 1 2 2
4 vs 4 Defense
Defense Defense Time % Phy DF OF
1 Dmitry Orlov Brayden McNabb 60 1 2 2
2 Mathew Dumba Jared Spurgeon 40 1 2 2
Last Minutes Offensive
Center Left Wing Right Wing Defense Defense
Claude Giroux Mats Zuccarello Charlie Coyle Dmitry Orlov Brayden McNabb
Last Minutes Defensive
Center Left Wing Right Wing Defense Defense
Claude Giroux Mats Zuccarello Charlie Coyle Dmitry Orlov Brayden McNabb
Goaltenders
Starting : Kaapo Kahkonen
Backup : Elvis Merzlikins
Extra Forwards
Normal : Ilya Mikheyev, James van Riemsdyk, Tanner Jeannot - PP : Ilya Mikheyev, James van Riemsdyk - PK : Tanner Jeannot
Extra Defensemen
Normal : Radko Gudas, Jani Hakanpaa, Mathew Dumba - PP : Radko Gudas - PK : Jani Hakanpaa, Mathew Dumba
Penalty Shots
Claude Giroux, Mats Zuccarello, Charlie Coyle, David Krejci, Tyler Seguin
Winnipeg Jets
5 vs 5 Forward
Center Left Wing Right Wing Time % Phy DF OF
1 Connor McDavid Ryan Nugent-Hopkins Mark Stone 40 1 1 3
2 Dylan Larkin Mathew Barzal Tyler Toffoli 30 1 1 3
3 Nick Suzuki Jonathan Marchessault Andrew Copp 20 1 2 2
4 Pius Suter Andrew Cogliano Kyle Palmieri 10 1 2 2
5 vs 5 Defense
Defense Defense Time % Phy DF OF
1 Aaron Ekblad Seth Jones 40 1 2 2
2 Brandon Montour Jacob Trouba 30 1 2 2
3 Kevin Shattenkirk John Klingberg 20 1 2 2
4 Jacob Trouba Brandon Montour 10 1 2 2
PowerPlay Forward
Center Left Wing Right Wing Time % Phy DF OF
1 Connor McDavid Ryan Nugent-Hopkins Mark Stone 60 1 0 4
2 Dylan Larkin Mathew Barzal Tyler Toffoli 40 1 1 3
PowerPlay Defense
Defense Defense Time % Phy DF OF
1 Aaron Ekblad Brandon Montour 60 1 1 3
2 John Klingberg Seth Jones 40 1 2 2
Penalty Kill 4 Players Forward
Center Wing Time % Phy DF OF
1 Pius Suter Andrew Cogliano 60 1 3 1
2 Nick Suzuki Andrew Copp 40 1 3 1
Penalty Kill 4 Players Defense
Defense Defense Time % Phy DF OF
1 Aaron Ekblad Kevin Shattenkirk 60 1 3 1
2 Jacob Trouba Brandon Montour 40 1 3 1
Penalty Kill - 3 Players Forward
Forward Time % Phy DF OF
1 Pius Suter 60 1 2 2
2 Andrew Copp 40 1 2 2
Penalty Kill - 3 Players Defense
Defense Defense Time % Phy DF OF
1 Aaron Ekblad Kevin Shattenkirk 60 1 2 2
2 Jacob Trouba Seth Jones 40 1 2 2
4 vs 4 Forward
Center Wing Time % Phy DF OF
1 Nick Suzuki Mark Stone 60 1 2 2
2 Connor McDavid Jonathan Marchessault 40 1 2 2
4 vs 4 Defense
Defense Defense Time % Phy DF OF
1 John Klingberg Jacob Trouba 60 1 2 2
2 Kevin Shattenkirk Aaron Ekblad 40 1 2 2
Last Minutes Offensive
Center Left Wing Right Wing Defense Defense
Connor McDavid Ryan Nugent-Hopkins Tyler Toffoli Aaron Ekblad Brandon Montour
Last Minutes Defensive
Center Left Wing Right Wing Defense Defense
Pius Suter Andrew Cogliano Andrew Copp Kevin Shattenkirk Jacob Trouba
Goaltenders
Starting : Connor Hellebuyck
Backup : Jake Allen
Extra Forwards
Normal : Jonathan Marchessault, Mathew Barzal, Kyle Palmieri - PP : Jonathan Marchessault, Nick Suzuki - PK : Mark Stone
Extra Defensemen
Normal : John Klingberg, Brandon Montour, Seth Jones - PP : Jacob Trouba - PK : Seth Jones, John Klingberg
Penalty Shots
Connor McDavid, Ryan Nugent-Hopkins, Dylan Larkin, Nick Suzuki, Andrew Copp
% Time on Ice - Arizona Coyotes
Lines # - Real PCT - Wanted PCT - Time Play
Normal Forward
1 - 31% - 39% - 14:19
2 - 26% - 29% - 12:06
3 - 17% - 19% - 7:49
4 - 26% - 13% - 11:53
Normal Defense
1 - 38% - 38% - 17:22
2 - 31% - 30% - 14:25
3 - 28% - 22% - 12:50
4 - 3% - 10% - 1:30
PP Forward
1 - 53% - 60% - 5:14
2 - 47% - 40% - 4:35
PP Defense
1 - 57% - 60% - 5:38
2 - 43% - 40% - 4:11
PK Forward
1 - 72% - 60% - 2:51
2 - 28% - 40% - 1:07
PK Defense
1 - 56% - 60% - 2:14
2 - 44% - 40% - 1:44
PK3 Forward
1 - 0% - 60%
2 - 0% - 40%
PK3 Defense
1 - 0% - 60%
2 - 0% - 40%
44 Forward
1 - 100% - 60% - 0:06
2 - 0% - 40% - 0:00
44 Defense
1 - 100% - 60% - 0:06
2 - 0% - 40% - 0:00
Last Minute Offensive - 0:00
Last Minute Defensive - 0:00
Total
Forward - 60:00
Defense - 60:00
|
% Time on Ice - Winnipeg Jets
Lines # - Real PCT - Wanted PCT - Time Play
Normal Forward
1 - 36% - 40% - 16:26
2 - 30% - 30% - 14:01
3 - 19% - 20% - 8:42
4 - 15% - 10% - 6:58
Normal Defense
1 - 40% - 40% - 18:32
2 - 32% - 30% - 14:37
3 - 23% - 20% - 10:49
4 - 5% - 10% - 2:09
PP Forward
1 - 59% - 60% - 2:21
2 - 41% - 40% - 1:37
PP Defense
1 - 65% - 60% - 2:35
2 - 35% - 40% - 1:23
PK Forward
1 - 68% - 60% - 6:40
2 - 32% - 40% - 3:09
PK Defense
1 - 59% - 60% - 5:49
2 - 41% - 40% - 4:00
PK3 Forward
1 - 0% - 60%
2 - 0% - 40%
PK3 Defense
1 - 0% - 60%
2 - 0% - 40%
44 Forward
1 - 100% - 60% - 0:06
2 - 0% - 40% - 0:00
44 Defense
1 - 100% - 60% - 0:06
2 - 0% - 40% - 0:00
Last Minute Offensive - 0:00
Last Minute Defensive - 0:00
Total
Forward - 60:00
Defense - 60:00
|
Play-by-Play
1st period
0:01 of 1st period - Claude Giroux wins face-off versus Connor McDavid in neutral zone.
0:46 of 1st period - Icing by Dmitry Orlov.
0:47 of 1st period - David Krejci wins face-off versus Nick Suzuki in Arizona Coyotes zone.
1:50 of 1st period - Snap shot by Dylan Larkin.
1:50 of 1st period - Shot Misses the Net.
2:12 of 1st period - Snap shot by Ross Colton.
2:12 of 1st period - Shot Misses the Net.
2:14 of 1st period - Slapshot by Brayden McNabb.
2:14 of 1st period - Shot Blocked by Aaron Ekblad.
2:24 of 1st period - Snap shot by Tanner Jeannot.
2:24 of 1st period - Shot Blocked by Mathew Barzal.
2:26 of 1st period - Slapshot by Tanner Jeannot.
2:26 of 1st period - Shot Misses the Net.
2:28 of 1st period - Wrist shot by Tanner Jeannot.
2:28 of 1st period - Shot Blocked by Tyler Toffoli.
3:08 of 1st period - Slapshot by Dylan Larkin.
3:08 of 1st period - Shot Blocked by Matthew Nieto.
3:28 of 1st period - Mathew Barzal is hit by Matthew Nieto.
4:10 of 1st period - Wrist shot by Dylan Larkin.
4:10 of 1st period - Shot Blocked by Brayden McNabb.
4:20 of 1st period - Snap shot by Tanner Jeannot.
4:20 of 1st period - Stopped by Connor Hellebuyck with a rebound.
4:22 of 1st period - Slapshot by Brayden McNabb.
4:22 of 1st period - Shot Blocked by Aaron Ekblad.
4:36 of 1st period - Snap shot by Ross Colton.
4:36 of 1st period - Shot Misses the Net.
4:38 of 1st period - Slapshot by Dmitry Orlov.
4:38 of 1st period - Stopped by Connor Hellebuyck without a rebound.
4:39 of 1st period - Mats Zuccarello wins face-off versus Mark Stone in Winnipeg Jets zone.
4:46 of 1st period - Snap shot by Claude Giroux.
4:46 of 1st period - Shot Misses the Net.
4:56 of 1st period - Snap shot by Ryan Nugent-Hopkins.
4:56 of 1st period - Stopped by Kaapo Kahkonen with a rebound.
5:46 of 1st period - Slapshot by Mats Zuccarello.
5:46 of 1st period - Stopped by Connor Hellebuyck with a rebound.
5:48 of 1st period - Slapshot by Jared Spurgeon.
5:48 of 1st period - Stopped by Connor Hellebuyck without a rebound.
5:49 of 1st period - Connor McDavid wins face-off versus Claude Giroux in Winnipeg Jets zone.
6:03 of 1st period - Slapshot by Claude Giroux.
6:03 of 1st period - Stopped by Connor Hellebuyck without a rebound.
6:04 of 1st period - Connor McDavid wins face-off versus David Krejci in Winnipeg Jets zone.
6:46 of 1st period - Minor Penalty to Charlie Coyle for Hooking.
6:47 of 1st period - Connor McDavid wins face-off versus Claude Giroux in Arizona Coyotes zone.
6:50 of 1st period - Snap shot by Connor McDavid.
6:50 of 1st period - Shot Misses the Net.
6:52 of 1st period - Slapshot by Aaron Ekblad.
6:52 of 1st period - Goal by Aaron Ekblad - Arizona Coyotes : 0 - Winnipeg Jets : 1.
6:53 of 1st period - Charlie Coyle wins face-off versus Connor McDavid in neutral zone.
7:03 of 1st period - Minor Penalty to Connor McDavid for Hooking.
7:04 of 1st period - Pius Suter wins face-off versus Claude Giroux in Winnipeg Jets zone.
9:03 of 1st period - Penalty to Connor McDavid is over, Connor McDavid is back on ice.
9:07 of 1st period - David Krejci is hit by Pius Suter.
9:58 of 1st period - Tanner Jeannot is hit by Connor McDavid.
12:19 of 1st period - Dmitry Orlov is hit by Dylan Larkin and loses puck.
12:54 of 1st period - David Krejci is hit by Andrew Cogliano and loses puck.
13:27 of 1st period - Wrist shot by David Krejci.
13:27 of 1st period - Stopped by Connor Hellebuyck with a rebound.
13:29 of 1st period - Wrist shot by Ondrej Palat.
13:29 of 1st period - Stopped by Connor Hellebuyck with a rebound.
13:33 of 1st period - Wrist shot by David Krejci.
13:33 of 1st period - Stopped by Connor Hellebuyck without a rebound.
13:34 of 1st period - Claude Giroux wins face-off versus Connor McDavid in Winnipeg Jets zone.
13:37 of 1st period - Snap shot by Claude Giroux.
13:37 of 1st period - Stopped by Connor Hellebuyck without a rebound.
13:38 of 1st period - Claude Giroux wins face-off versus Connor McDavid in Winnipeg Jets zone.
14:07 of 1st period - Wrist shot by Nick Suzuki.
14:07 of 1st period - Stopped by Kaapo Kahkonen with a rebound.
14:25 of 1st period - Jacob Trouba is hit by Matthew Nieto and loses puck.
14:54 of 1st period - Wrist shot by Dylan Larkin.
14:54 of 1st period - Shot Blocked by Jared Spurgeon.
15:08 of 1st period - Wrist shot by Claude Giroux.
15:08 of 1st period - Stopped by Connor Hellebuyck with a rebound.
15:36 of 1st period - Snap shot by Mark Stone.
15:36 of 1st period - Shot Blocked by Jared Spurgeon.
15:38 of 1st period - Slapshot by Connor McDavid.
15:38 of 1st period - Stopped by Kaapo Kahkonen with a rebound.
15:52 of 1st period - Wrist shot by Connor McDavid.
15:52 of 1st period - Shot Misses the Net.
15:54 of 1st period - Slapshot by Seth Jones.
15:54 of 1st period - Deflect By Connor McDavid.
15:54 of 1st period - Stopped by Kaapo Kahkonen with a rebound.
16:00 of 1st period - Snap shot by Connor McDavid.
16:00 of 1st period - Stopped by Kaapo Kahkonen without a rebound.
16:01 of 1st period - Andrew Copp wins face-off versus David Krejci in Arizona Coyotes zone.
16:12 of 1st period - Snap shot by Nick Suzuki.
16:12 of 1st period - Shot Misses the Net.
16:50 of 1st period - Snap shot by Tanner Jeannot.
16:50 of 1st period - Stopped by Connor Hellebuyck without a rebound.
16:51 of 1st period - Dylan Larkin wins face-off versus Ross Colton in Winnipeg Jets zone.
16:57 of 1st period - Off-side.
16:58 of 1st period - Mats Zuccarello wins face-off versus Connor McDavid in neutral zone.
17:01 of 1st period - Snap shot by Claude Giroux.
17:01 of 1st period - Goal by Claude Giroux - Arizona Coyotes : 1 - Winnipeg Jets : 1.
17:02 of 1st period - Connor McDavid wins face-off versus Claude Giroux in neutral zone.
17:07 of 1st period - Snap shot by Ryan Nugent-Hopkins.
17:07 of 1st period - Stopped by Kaapo Kahkonen with a rebound.
17:09 of 1st period - Snap shot by Jacob Trouba.
17:09 of 1st period - Shot Misses the Net.
17:11 of 1st period - Slapshot by Jacob Trouba.
17:11 of 1st period - Shot Misses the Net.
17:13 of 1st period - Slapshot by Jacob Trouba.
17:13 of 1st period - Shot Blocked by Brayden McNabb.
17:15 of 1st period - Snap shot by Brandon Montour.
17:15 of 1st period - Stopped by Kaapo Kahkonen without a rebound.
17:16 of 1st period - Ryan Nugent-Hopkins wins face-off versus Claude Giroux in Arizona Coyotes zone.
17:29 of 1st period - Wrist shot by Ryan Nugent-Hopkins.
17:29 of 1st period - Shot Misses the Net.
17:48 of 1st period - Minor Penalty to Jacob Trouba for Roughing.
17:49 of 1st period - Claude Giroux wins face-off versus Pius Suter in Winnipeg Jets zone.
18:03 of 1st period - Snap shot by Pius Suter.
18:03 of 1st period - Stopped by Kaapo Kahkonen with a rebound.
18:18 of 1st period - Icing by Ondrej Palat.
18:19 of 1st period - Pius Suter wins face-off versus David Krejci in Arizona Coyotes zone.
19:48 of 1st period - Penalty to Jacob Trouba is over, Jacob Trouba is back on ice.
19:53 of 1st period - Off-side.
19:54 of 1st period - Dylan Larkin wins face-off versus Erik Haula in neutral zone.
Goals for this period are 1 for Arizona Coyotes vs 1 for Winnipeg Jets.
Shots for this period are 12 for Arizona Coyotes vs 9 for Winnipeg Jets.
2nd period
0:01 of 2nd period - Claude Giroux wins face-off versus Ryan Nugent-Hopkins in neutral zone.
0:04 of 2nd period - Ryan Nugent-Hopkins is hit by Brayden McNabb and loses puck.
0:15 of 2nd period - Mats Zuccarello is hit by Mark Stone and loses puck.
0:28 of 2nd period - Wrist shot by Jonathan Marchessault.
0:28 of 2nd period - Shot Hit the Post.
1:08 of 2nd period - Slapshot by Mats Zuccarello.
1:08 of 2nd period - Shot Blocked by Aaron Ekblad.
1:10 of 2nd period - Wrist shot by Charlie Coyle.
1:10 of 2nd period - Deflect By Mats Zuccarello.
1:10 of 2nd period - Shot Misses the Net.
1:10 of 2nd period - Puck is out of play.
1:11 of 2nd period - Ryan Nugent-Hopkins wins face-off versus Claude Giroux in Winnipeg Jets zone.
1:16 of 2nd period - Wrist shot by Claude Giroux.
1:16 of 2nd period - Shot Misses the Net.
1:38 of 2nd period - Slapshot by Ondrej Palat.
1:38 of 2nd period - Shot Blocked by Jacob Trouba.
1:48 of 2nd period - Wrist shot by Nick Suzuki.
1:48 of 2nd period - Shot Misses the Net.
2:00 of 2nd period - Slapshot by Pius Suter.
2:00 of 2nd period - Shot Misses the Net.
2:02 of 2nd period - Slapshot by John Klingberg.
2:02 of 2nd period - Shot Misses the Net.
2:04 of 2nd period - Slapshot by Kevin Shattenkirk.
2:04 of 2nd period - Deflect By Erik Haula.
2:04 of 2nd period - Stopped by Kaapo Kahkonen with a rebound.
2:06 of 2nd period - Slapshot by John Klingberg.
2:06 of 2nd period - Shot Blocked by Jani Hakanpaa.
2:42 of 2nd period - Slapshot by Ryan Nugent-Hopkins.
2:42 of 2nd period - Stopped by Kaapo Kahkonen with a rebound.
2:44 of 2nd period - Wrist shot by Connor McDavid.
2:44 of 2nd period - Stopped by Kaapo Kahkonen with a rebound.
2:46 of 2nd period - Wrist shot by Connor McDavid.
2:46 of 2nd period - Shot Blocked by Brayden McNabb.
2:48 of 2nd period - Snap shot by Ryan Nugent-Hopkins.
2:48 of 2nd period - Stopped by Kaapo Kahkonen with a rebound.
2:52 of 2nd period - Slapshot by Connor McDavid.
2:52 of 2nd period - Shot Blocked by Mats Zuccarello.
3:31 of 2nd period - Snap shot by Charlie Coyle.
3:31 of 2nd period - Deflect By Claude Giroux.
3:31 of 2nd period - Goal by Claude Giroux - Arizona Coyotes : 2 - Winnipeg Jets : 1.
3:32 of 2nd period - David Krejci wins face-off versus Connor McDavid in neutral zone.
4:06 of 2nd period - Slapshot by Jacob Trouba.
4:06 of 2nd period - Shot Blocked by Jani Hakanpaa.
4:39 of 2nd period - Tanner Jeannot is hit by Seth Jones and loses puck.
5:00 of 2nd period - Pius Suter is hit by Radko Gudas and loses puck.
5:45 of 2nd period - Pius Suter is hit by Tanner Jeannot and loses puck.
5:51 of 2nd period - Minor Penalty to Kyle Palmieri for Goalie Interference.
5:52 of 2nd period - Charlie Coyle wins face-off versus Pius Suter in Winnipeg Jets zone.
5:52 of 2nd period - Snap shot by Mats Zuccarello.
5:52 of 2nd period - Shot Misses the Net.
5:54 of 2nd period - Snap shot by Charlie Coyle.
5:54 of 2nd period - Stopped by Connor Hellebuyck without a rebound.
5:55 of 2nd period - Claude Giroux wins face-off versus Pius Suter in Winnipeg Jets zone.
6:12 of 2nd period - Brandon Montour is hit by Tyler Seguin and loses puck.
7:23 of 2nd period - Dmitry Orlov is hit by Andrew Copp and loses puck.
7:51 of 2nd period - Penalty to Kyle Palmieri is over, Kyle Palmieri is back on ice.
7:58 of 2nd period - Brandon Montour is hit by James van Riemsdyk and loses puck.
8:03 of 2nd period - Wrist shot by Erik Haula.
8:03 of 2nd period - Stopped by Connor Hellebuyck without a rebound.
8:04 of 2nd period - Erik Haula wins face-off versus Connor McDavid in Winnipeg Jets zone.
8:17 of 2nd period - Snap shot by Connor McDavid.
8:17 of 2nd period - Stopped by Kaapo Kahkonen with a rebound.
8:47 of 2nd period - Tanner Jeannot is hit by Jacob Trouba.
8:55 of 2nd period - Slapshot by Dmitry Orlov.
8:55 of 2nd period - Shot Misses the Net.
9:55 of 2nd period - Snap shot by David Krejci.
9:55 of 2nd period - Stopped by Connor Hellebuyck without a rebound.
9:56 of 2nd period - Claude Giroux wins face-off versus Connor McDavid in Winnipeg Jets zone.
9:59 of 2nd period - Snap shot by Mats Zuccarello.
9:59 of 2nd period - Stopped by Connor Hellebuyck with a rebound.
10:36 of 2nd period - Slapshot by Tyler Seguin.
10:36 of 2nd period - Stopped by Connor Hellebuyck with a rebound.
10:56 of 2nd period - Snap shot by Andrew Copp.
10:56 of 2nd period - Stopped by Kaapo Kahkonen with a rebound.
10:58 of 2nd period - Snap shot by Nick Suzuki.
10:58 of 2nd period - Stopped by Kaapo Kahkonen without a rebound.
10:59 of 2nd period - Claude Giroux wins face-off versus Connor McDavid in Arizona Coyotes zone.
11:01 of 2nd period - Minor Penalty to Mathew Dumba for Hooking.
11:02 of 2nd period - Connor McDavid wins face-off versus Claude Giroux in Arizona Coyotes zone.
12:11 of 2nd period - Wrist shot by Ilya Mikheyev.
12:11 of 2nd period - Shot Misses the Net.
12:13 of 2nd period - Slapshot by Jared Spurgeon.
12:13 of 2nd period - Shot Misses the Net.
12:52 of 2nd period - Seth Jones is hit by Ilya Mikheyev and loses puck.
13:01 of 2nd period - Penalty to Mathew Dumba is over, Mathew Dumba is back on ice.
13:05 of 2nd period - Dylan Larkin is hit by Tyler Seguin and loses puck.
13:16 of 2nd period - Wrist shot by Tyler Seguin.
13:16 of 2nd period - Stopped by Connor Hellebuyck without a rebound.
13:17 of 2nd period - Nick Suzuki wins face-off versus David Krejci in Winnipeg Jets zone.
13:44 of 2nd period - Slapshot by Mathew Dumba.
13:44 of 2nd period - Stopped by Connor Hellebuyck without a rebound.
13:45 of 2nd period - Pius Suter wins face-off versus Erik Haula in Winnipeg Jets zone.
13:47 of 2nd period - Minor Penalty to Jacob Trouba for Holding.
13:48 of 2nd period - Claude Giroux wins face-off versus Pius Suter in Winnipeg Jets zone.
14:02 of 2nd period - Snap shot by Claude Giroux.
14:02 of 2nd period - Stopped by Connor Hellebuyck without a rebound.
14:03 of 2nd period - Claude Giroux wins face-off versus Pius Suter in Winnipeg Jets zone.
14:18 of 2nd period - Kevin Shattenkirk is hit by Mats Zuccarello and loses puck.
15:22 of 2nd period - David Krejci is hit by Mathew Barzal and loses puck.
15:23 of 2nd period - David Krejci from Arizona Coyotes is injured at 15:23 of 2nd period (Sprained Left Ankle).
15:24 of 2nd period - Pius Suter wins face-off versus Claude Giroux in Arizona Coyotes zone.
15:40 of 2nd period - Minor Penalty to Dmitry Orlov for Roughing.
15:41 of 2nd period - Claude Giroux wins face-off versus Nick Suzuki in Arizona Coyotes zone.
15:47 of 2nd period - Penalty to Jacob Trouba is over, Jacob Trouba is back on ice.
15:50 of 2nd period - John Klingberg is hit by Brayden McNabb and loses puck.
16:17 of 2nd period - Wrist shot by Dylan Larkin.
16:17 of 2nd period - Shot Misses the Net.
16:19 of 2nd period - Slapshot by Brandon Montour.
16:19 of 2nd period - Deflect By Charlie Coyle.
16:19 of 2nd period - Stopped by Kaapo Kahkonen with a rebound.
16:29 of 2nd period - Brayden McNabb is hit by Connor McDavid and loses puck.
17:40 of 2nd period - Penalty to Dmitry Orlov is over, Dmitry Orlov is back on ice.
17:46 of 2nd period - Dmitry Orlov is hit by Jacob Trouba and loses puck.
17:55 of 2nd period - Brandon Montour is hit by Charlie Coyle and loses puck.
18:02 of 2nd period - Snap shot by James van Riemsdyk.
18:02 of 2nd period - Goal by James van Riemsdyk - Arizona Coyotes : 3 - Winnipeg Jets : 1.
18:03 of 2nd period - Ilya Mikheyev wins face-off versus Mark Stone in neutral zone.
18:06 of 2nd period - Slapshot by Tyler Seguin.
18:06 of 2nd period - Goal by Tyler Seguin - Arizona Coyotes : 4 - Winnipeg Jets : 1.
18:07 of 2nd period - Ryan Nugent-Hopkins wins face-off versus Claude Giroux in neutral zone.
18:10 of 2nd period - Slapshot by Ryan Nugent-Hopkins.
18:10 of 2nd period - Deflect By Brayden McNabb.
18:10 of 2nd period - Shot Blocked by Brayden McNabb.
18:10 of 2nd period - Puck is out of play.
18:11 of 2nd period - Connor McDavid wins face-off versus Claude Giroux in Arizona Coyotes zone.
18:25 of 2nd period - Slapshot by Aaron Ekblad.
18:25 of 2nd period - Deflect By Mark Stone.
18:25 of 2nd period - Goal by Mark Stone - Arizona Coyotes : 4 - Winnipeg Jets : 2.
18:26 of 2nd period - Connor McDavid wins face-off versus Charlie Coyle in neutral zone.
18:31 of 2nd period - Slapshot by Connor McDavid.
18:31 of 2nd period - Shot Misses the Net.
18:43 of 2nd period - Brayden McNabb is hit by Aaron Ekblad and loses puck.
19:03 of 2nd period - Wrist shot by Dylan Larkin.
19:03 of 2nd period - Stopped by Kaapo Kahkonen with a rebound.
19:26 of 2nd period - Mathew Dumba is hit by Nick Suzuki and loses puck.
19:59 of 2nd period - Snap shot by James van Riemsdyk.
19:59 of 2nd period - Stopped by Connor Hellebuyck with a rebound.
Goals for this period are 3 for Arizona Coyotes vs 1 for Winnipeg Jets.
Shots for this period are 12 for Arizona Coyotes vs 10 for Winnipeg Jets.
3rd period
0:01 of 3rd period - Connor McDavid wins face-off versus Mats Zuccarello in neutral zone.
1:35 of 3rd period - Erik Haula is hit by Kevin Shattenkirk and loses puck.
1:54 of 3rd period - Snap shot by Dylan Larkin.
1:54 of 3rd period - Stopped by Kaapo Kahkonen with a rebound.
2:12 of 3rd period - Snap shot by Claude Giroux.
2:12 of 3rd period - Stopped by Connor Hellebuyck without a rebound.
2:13 of 3rd period - Pius Suter wins face-off versus Mats Zuccarello in Winnipeg Jets zone.
2:42 of 3rd period - Slapshot by Connor McDavid.
2:42 of 3rd period - Stopped by Kaapo Kahkonen with a rebound.
2:44 of 3rd period - Slapshot by Brandon Montour.
2:44 of 3rd period - Stopped by Kaapo Kahkonen with a rebound.
2:59 of 3rd period - Mathew Barzal is hit by Tanner Jeannot and loses puck.
3:22 of 3rd period - Slapshot by Claude Giroux.
3:22 of 3rd period - Shot Misses the Net.
3:24 of 3rd period - Snap shot by Claude Giroux.
3:24 of 3rd period - Stopped by Connor Hellebuyck without a rebound.
3:25 of 3rd period - Connor McDavid wins face-off versus Claude Giroux in Winnipeg Jets zone.
3:34 of 3rd period - Slapshot by Connor McDavid.
3:34 of 3rd period - Shot Misses the Net.
4:01 of 3rd period - Slapshot by Jared Spurgeon.
4:01 of 3rd period - Deflect By Dylan Larkin.
4:01 of 3rd period - Stopped by Connor Hellebuyck with a rebound.
4:03 of 3rd period - Snap shot by Ilya Mikheyev.
4:03 of 3rd period - Stopped by Connor Hellebuyck with a rebound.
4:19 of 3rd period - Brayden McNabb is hit by Tyler Toffoli and loses puck.
5:07 of 3rd period - Slapshot by John Klingberg.
5:07 of 3rd period - Stopped by Kaapo Kahkonen with a rebound.
5:16 of 3rd period - Wrist shot by Nick Suzuki.
5:16 of 3rd period - Stopped by Kaapo Kahkonen with a rebound.
5:32 of 3rd period - Tanner Jeannot is hit by Kyle Palmieri.
5:46 of 3rd period - Snap shot by Claude Giroux.
5:46 of 3rd period - Stopped by Connor Hellebuyck with a rebound.
5:48 of 3rd period - Slapshot by Dmitry Orlov.
5:48 of 3rd period - Shot Blocked by Ryan Nugent-Hopkins.
5:50 of 3rd period - Snap shot by Charlie Coyle.
5:50 of 3rd period - Shot Misses the Net.
5:52 of 3rd period - Backhand shot by Radko Gudas.
5:52 of 3rd period - Shot Misses the Net.
6:10 of 3rd period - Jacob Trouba is hit by Tyler Seguin and loses puck.
6:59 of 3rd period - Dylan Larkin is hit by Claude Giroux.
7:05 of 3rd period - Snap shot by Claude Giroux.
7:05 of 3rd period - Stopped by Connor Hellebuyck without a rebound.
7:06 of 3rd period - Ilya Mikheyev wins face-off versus Nick Suzuki in Winnipeg Jets zone.
7:28 of 3rd period - Off-side.
7:29 of 3rd period - Connor McDavid wins face-off versus Claude Giroux in neutral zone.
7:29 of 3rd period - Connor McDavid is hit by Mats Zuccarello.
7:33 of 3rd period - Slapshot by Jacob Trouba.
7:33 of 3rd period - Deflect By Connor McDavid.
7:33 of 3rd period - Stopped by Kaapo Kahkonen with a rebound.
7:35 of 3rd period - Slapshot by Brandon Montour.
7:35 of 3rd period - Stopped by Kaapo Kahkonen with a rebound.
7:37 of 3rd period - Snap shot by Connor McDavid.
7:37 of 3rd period - Stopped by Kaapo Kahkonen with a rebound.
7:43 of 3rd period - Slapshot by Ryan Nugent-Hopkins.
7:43 of 3rd period - Stopped by Kaapo Kahkonen without a rebound.
7:44 of 3rd period - Connor McDavid wins face-off versus Ilya Mikheyev in Arizona Coyotes zone.
7:47 of 3rd period - Snap shot by Mark Stone.
7:47 of 3rd period - Shot Blocked by Dmitry Orlov.
7:52 of 3rd period - Off-side.
7:53 of 3rd period - Ilya Mikheyev wins face-off versus Connor McDavid in neutral zone.
7:58 of 3rd period - Wrist shot by Tyler Seguin.
7:58 of 3rd period - Shot Misses the Net.
8:00 of 3rd period - Slapshot by Brayden McNabb.
8:00 of 3rd period - Stopped by Connor Hellebuyck with a rebound.
8:02 of 3rd period - Slapshot by Dmitry Orlov.
8:02 of 3rd period - Stopped by Connor Hellebuyck with a rebound.
8:12 of 3rd period - Snap shot by Tyler Seguin.
8:12 of 3rd period - Shot Misses the Net.
8:14 of 3rd period - Slapshot by Dmitry Orlov.
8:14 of 3rd period - Deflect By Mark Stone.
8:14 of 3rd period - Stopped by Connor Hellebuyck with a rebound.
8:29 of 3rd period - Minor Penalty to Aaron Ekblad for Roughing.
8:30 of 3rd period - Claude Giroux wins face-off versus Pius Suter in Winnipeg Jets zone.
8:34 of 3rd period - Wrist shot by Claude Giroux.
8:34 of 3rd period - Stopped by Connor Hellebuyck with a rebound.
9:03 of 3rd period - Snap shot by Pius Suter.
9:03 of 3rd period - Shot Misses the Net.
9:49 of 3rd period - Mark Stone is hit by Tyler Seguin and loses puck.
10:00 of 3rd period - Dmitry Orlov is hit by Pius Suter and loses puck.
10:29 of 3rd period - Penalty to Aaron Ekblad is over, Aaron Ekblad is back on ice.
11:13 of 3rd period - Wrist shot by Mathew Barzal.
11:13 of 3rd period - Shot Misses the Net.
11:44 of 3rd period - Slapshot by Erik Haula.
11:44 of 3rd period - Shot Blocked by John Klingberg.
11:46 of 3rd period - Wrist shot by Erik Haula.
11:46 of 3rd period - Stopped by Connor Hellebuyck without a rebound.
11:47 of 3rd period - Pius Suter wins face-off versus Claude Giroux in Winnipeg Jets zone.
12:18 of 3rd period - Snap shot by Connor McDavid.
12:18 of 3rd period - Stopped by Kaapo Kahkonen without a rebound.
12:19 of 3rd period - Connor McDavid wins face-off versus Tyler Seguin in Arizona Coyotes zone.
12:57 of 3rd period - Snap shot by Mathew Barzal.
12:57 of 3rd period - Stopped by Kaapo Kahkonen with a rebound.
13:09 of 3rd period - Snap shot by Aaron Ekblad.
13:09 of 3rd period - Stopped by Kaapo Kahkonen without a rebound.
13:10 of 3rd period - Ilya Mikheyev wins face-off versus Andrew Cogliano in Arizona Coyotes zone.
13:10 of 3rd period - Ilya Mikheyev is hit by Kyle Palmieri.
13:34 of 3rd period - Mathew Dumba is hit by Connor McDavid and loses puck.
14:36 of 3rd period - Slapshot by Mathew Barzal.
14:36 of 3rd period - Stopped by Kaapo Kahkonen with a rebound.
15:32 of 3rd period - Wrist shot by Tanner Jeannot.
15:32 of 3rd period - Stopped by Connor Hellebuyck without a rebound.
15:33 of 3rd period - Nick Suzuki wins face-off versus Erik Haula in Winnipeg Jets zone.
15:59 of 3rd period - Icing by Claude Giroux.
16:00 of 3rd period - Mark Stone wins face-off versus Claude Giroux in Arizona Coyotes zone.
16:11 of 3rd period - Snap shot by Connor McDavid.
16:11 of 3rd period - Stopped by Kaapo Kahkonen with a rebound.
16:35 of 3rd period - Wrist shot by Ilya Mikheyev.
16:35 of 3rd period - Shot Blocked by Nick Suzuki.
16:37 of 3rd period - Slapshot by Erik Haula.
16:37 of 3rd period - Shot Misses the Net.
17:05 of 3rd period - Slapshot by John Klingberg.
17:05 of 3rd period - Shot Hit the Post.
17:55 of 3rd period - Brayden McNabb is hit by Seth Jones and loses puck.
18:23 of 3rd period - Slapshot by Brandon Montour.
18:23 of 3rd period - Stopped by Kaapo Kahkonen without a rebound.
18:24 of 3rd period - Claude Giroux wins face-off versus Connor McDavid in Arizona Coyotes zone.
18:51 of 3rd period - Slapshot by Ryan Nugent-Hopkins.
18:51 of 3rd period - Stopped by Kaapo Kahkonen with a rebound.
18:53 of 3rd period - Slapshot by Aaron Ekblad.
18:53 of 3rd period - Deflect By Connor McDavid.
18:53 of 3rd period - Shot Misses the Net.
18:53 of 3rd period - Puck is out of play.
18:54 of 3rd period - Claude Giroux wins face-off versus Nick Suzuki in Arizona Coyotes zone.
Goals for this period are 0 for Arizona Coyotes vs 0 for Winnipeg Jets.
Shots for this period are 12 for Arizona Coyotes vs 16 for Winnipeg Jets.
Back to the Top